Map: Ruines de Seras

Players

Darkblader

  • Race: Terran Terran
  • League: Platinum

Worming - Winner!

  • Race: Zerg Zerg
  • League: Diamond

VOD

Have the link to the VOD?

Description

Time

  • Played on: Nov. 15, 2015, 9:03 a.m.
  • Length: 13:53
Show
View Real Time Build Order
Export as new Build Order

Darkblader Terran 

Build Orders: Reaper Expand, MMM Bio 

Get SALT Encoding   

  12  0:01  SCV  
  13  0:13  SCV  
  14  0:18  Supply Depot  
  14  0:25  SCV  
  15  0:40  SCV  
  16  0:44  Barracks  
  16  0:46  Refinery  
  16  0:53  SCV  
  17  1:19  SCV  
  18  1:34  Orbital Command  
  18  1:35  Reaper  
  19  1:46  Command Center  
  19  2:01  SCV  
  20  2:18  SCV  
  21  2:25  Barracks Reactor  
  21  2:28  Supply Depot  
  21  2:29  Factory  
  21  2:30  SCV  
  22  2:46  SCV  
  23  2:57  Barracks  
  23  2:58  Refinery, Barracks  
  23  2:59  Orbital Command  
  23  3:18  SCV  
  24  3:35  Barracks Tech Lab  
  24  3:36  Hellion x2, SCV  
  24  3:37  SCV  
  29  3:45  Barracks Reactor x2  
  29  3:48  SCV  
  29  3:49  Starport, SCV  
  31  4:01  SCV x2  
  33  4:05  Supply Depot  
  33  4:07  Hellion x2  
  33  4:09  Stimpack  
  37  4:10  Marine  
  37  4:14  SCV  
  37  4:15  SCV  
  40  4:23  Marine  
  41  4:24  Marine  
  41  4:25  Marine  
  41  4:26  SCV  
  41  4:28  Supply Depot, Marine  
  45  4:31  Medivac  
  45  4:37  Armory  
  47  4:39  SCV x2  
  47  4:42  Marine  
  47  4:43  Marine  
  47  4:44  Marine  
  52  4:48  Marauder  
  52  4:52  Hellion  
  56  4:55  Hellion  
  56  4:58  Supply Depot  
  58  5:01  Supply Depot  
  58  5:03  SCV x2  
  58  5:04  Marine  
  58  5:06  Marine  
  62  5:16  Starport Reactor  
  62  5:22  SCV x2, Marine x2  
  62  5:23  Marauder  
  68  5:41  SCV x2  
  70  5:49  Refinery  
  70  5:52  Refinery  
  70  5:54  SCV x2  
  70  5:55  Engineering Bay, Command Center  
  70  5:57  Engineering Bay  
  64  6:25  Marine x3  
  59  6:26  Marauder  
  59  6:31  Barracks  
  59  6:32  Barracks  
  62  6:36  SCV  
  62  6:37  SCV  
  64  6:47  Starport  
  64  6:48  Medivac x2, Marine  
  64  6:49  Marine  
  64  6:50  Factory Tech Lab  
  70  7:04  Bunker  
  70  7:06  SCV x2, Marine x3  
  75  7:11  Orbital Command  
  75  7:12  Marine x2  
  77  7:18  Siege Tank, SCV x2  
  77  7:20  Terran Vehicle And Ship Armor Level 1  
  77  7:22  Missile Turret  
  82  7:26  Barracks Tech Lab  
  82  7:27  Missile Turret, Barracks Reactor  
  82  7:31  Marine  
  82  7:32  Marauder  
  82  7:36  Orbital Command  
  85  7:47  Combat Shields  
  85  8:16  Engineering Bay  
  85  8:21  Engineering Bay  
  85  8:25  Marine  
  85  8:26  Marine  
  85  8:27  Marine  
  85  8:28  Marine  
  85  8:31  Marine  
  85  8:32  Marine  
  84  8:37  Marine  
  84  8:40  Marine  
  85  8:43  Marine  
  85  8:54  Marauder, Marine  
  85  8:58  Terran Infantry Weapons Level 1, Terran Infantry Armor Level 1  
  85  9:03  Marine  
  85  9:05  Barracks  
  85  9:07  Barracks, Marine  
  85  9:10  Marauder  
  85  9:16  Medivac  
  85  9:26  Orbital Command  
  85  10:05  Barracks Tech Lab  
  85  10:06  Barracks Tech Lab  
  85  10:11  Liberator x2  
  85  10:15  Marine  
  85  10:16  Sensor Tower  
  85  10:18  Marine, Supply Depot x2, SCV x2  
  85  10:19  SCV  
  85  10:20  Supply Depot  
  85  10:28  Marine x4  
  85  10:29  Medivac x2, Siege Tank, Marauder x3  
  85  10:34  SCV  
  109  10:36  Marine  
  109  10:37  SCV  
  109  10:38  Orbital Command, Marauder  
  109  10:42  Liberator  
  105  10:46  SCV, Marine  
  105  10:49  Marine x4, SCV  
  110  10:50  Marauder x2, Marine  
  110  10:53  Marine  
  110  10:54  Liberator  
  116  10:58  Medivac  
  116  10:59  Marauder  
  116  11:00  Terran Infantry Weapons Level 2, Terran Infantry Armor Level 2  
  116  11:01  Siege Tank  
  126  11:08  Marauder  
  128  11:12  Marauder  
  128  11:13  Marauder  
  116  11:44  Marine x6  
  116  11:45  Marauder x4  
  100  12:00  SCV x2  
  103  12:01  Marine  
  103  12:02  Marine x5  
  103  12:04  Orbital Command  
  103  12:06  Marauder  
  103  12:07  Marauder x3  
  116  12:19  Marine  
  117  12:28  SCV x2  
  119  12:36  Marine x4  
  123  12:40  SCV x2  
  123  12:41  Marine  
  123  12:42  Marine x3  
  123  12:43  Marauder x2  
  133  13:08  Sensor Tower  
  133  13:13  Marauder, SCV  
  133  13:15  SCV  
  133  13:17  Marauder  
  118  13:33  Marine x5  
  118  13:34  Marine x2  
Show
View Real Time Build Order
Export as new Build Order

Worming Zerg - Winner!

Build Orders: Hatch First, Lurkers 

Get SALT Encoding   

  12  0:01  Drone  
  13  0:14  Overlord  
  13  0:18  Drone  
  14  0:33  Drone x2  
  16  0:50  Hatchery  
  16  0:53  Drone  
  16  1:09  Spawning Pool  
  15  1:12  Drone  
  15  1:16  Drone  
  17  1:19  Drone  
  17  1:23  Drone  
  19  1:38  Drone  
  20  1:51  Overlord  
  20  2:01  Queen, Hatchery  
  21  2:11  Queen  
  21  2:13  Zergling x2  
  24  2:16  Drone  
  24  2:18  Drone  
  24  2:22  Drone  
  27  2:25  Drone  
  27  2:29  Drone x2  
  30  2:35  Extractor  
  29  2:37  Drone  
  29  2:41  Queen  
  32  2:46  Extractor  
  31  2:54  Drone x2  
  31  2:55  Drone  
  35  3:02  Drone  
  35  3:04  Overlord  
  36  3:23  Drone x9  
  45  3:39  Overlord x2  
  45  3:40  Drone x3  
  48  3:43  Metabolic Boost, Extractor  
  48  3:44  Extractor  
  46  3:50  Zergling x6  
  46  3:51  Spine Crawler  
  48  4:01  Drone  
  49  4:06  Spine Crawler  
  48  4:10  Lair  
  48  4:16  Drone x2  
  48  4:17  Overlord  
  50  4:20  Drone x3  
  50  4:21  Drone x3  
  56  4:28  Roach Warren  
  56  4:31  Drone x3  
  58  4:33  Drone  
  59  4:41  Overlord  
  59  4:48  Drone x3  
  59  4:49  Drone  
  59  4:50  Drone x2, Evolution Chamber x2  
  63  5:07  Glial Reconstitution  
  63  5:09  Roach x8  
  79  5:27  Roach x2  
  81  5:29  Overlord x3  
  81  5:33  Spine Crawler  
  80  5:39  Ravager  
  80  5:40  Ravager  
  82  5:43  Zerg Missile Weapons Level 1, Zerg Ground Armor Level 1  
  82  5:49  Overlord  
  84  5:50  Zergling x4, Roach x2  
  84  5:51  Zergling x4  
  89  5:57  Roach x2  
  89  5:58  Roach  
  89  6:01  Roach  
  89  6:03  Overlord x3  
  93  6:21  Roach x5  
  93  6:22  Roach  
  100  6:26  Queen  
  100  6:27  Queen  
  100  6:30  Extractor  
  103  6:33  Drone x3, Extractor  
  103  6:35  Queen  
  103  6:38  Drone x3  
  103  6:39  Drone x2  
  112  6:40  Overlord  
  112  6:41  Overlord  
  112  6:42  Zergling x2  
  113  7:00  Extractor  
  113  7:01  Drone x3  
  113  7:04  Zergling x2  
  116  7:13  Drone x3  
  116  7:14  Hydralisk Den  
  118  7:19  Roach  
  118  7:20  Zergling x14  
  127  7:26  Infestation Pit  
  126  7:30  Overlord x2  
  126  7:31  Roach x7  
  126  7:34  Evolution Chamber  
  139  7:43  Hatchery, Lurker Den  
  138  7:46  Overlord  
  138  7:47  Overlord x2  
  138  7:50  Roach x5  
  144  8:07  Zerg Missile Weapons Level 2, Zerg Melee Weapons Level 1, Zerg Ground Armor Level 2  
  144  8:09  Hive  
  138  8:35  Drone x3  
  138  8:36  Drone  
  138  8:37  Spore Crawler  
  140  8:54  Spore Crawler  
  137  9:12  Drone x2  
  137  9:13  Drone x8  
  147  9:21  Drone x8  
  155  9:26  Adrenal Glands  
  155  9:27  Ultralisk Cavern  
  154  9:32  Spire  
  154  9:33  Extractor  
  154  9:35  Burrow  
  154  9:37  Hydralisk, Muscular Augments, Spine Crawler  
  154  9:38  Spore Crawler, Hydralisk x6, Extractor  
  151  9:43  Drone x3  
  165  9:47  Spine Crawler  
  165  9:48  Spine Crawler  
  163  9:56  Pathogen Glands  
  160  10:00  Ravager  
  160  10:02  Ravager  
  160  10:03  Ravager  
  162  10:26  Chitinous Plating  
  162  10:50  Greater Spire  
  162  10:52  Lurker x4  
  162  10:54  Zergling x2  
  162  10:55  Zergling x20  
  162  10:56  Overlord x3  
  177  10:57  Zerg Melee Weapons Level 2  
  177  10:58  Zerg Missile Weapons Level 3, Zerg Ground Armor Level 3  
  177  11:04  Zergling x2  
  137  11:46  Hydralisk  
  137  11:47  Hydralisk x4  
  127  11:48  Hydralisk x3  
  127  11:49  Zergling x20  
  151  11:54  Zergling x2  
  151  11:57  Overlord  
  151  11:59  Pneumatized Carapace  
  144  12:17  Hydralisk  
  144  12:18  Hydralisk x3  
  144  12:19  Zergling x4  
  144  12:20  Ultralisk x6  
  190  12:25  Ravager  
  190  12:26  Ravager  
  190  12:28  Ravager  
  193  12:38  Zergling x6, Mutalisk  
  198  12:44  Zergling x2, Hatchery  
  198  13:01  Zergling x2  
  198  13:05  Hatchery  
  177  13:22  Corruptor x4  
  177  13:23  Roach x2, Hydralisk x2  
  177  13:24  Roach  
Tags
 
Add a new tag
Caveats
  • Supply blocks, unpowered buildings, or Contaminate may cause inaccurate times.
  • Supply counts are checked every 10 seconds.